3L
TOLEDO STINGERS @ KINGSTON TOWNSHIP KNIGHTS
08/01/2039
 
TOP OF THE 1ST
Toledo Stingers batting - Pitching for Kingston Township Knights : RHP Currito Fonseca
Pitching: RHP Currito Fonseca
Batting: RHB Jesús Morán 0-0: Ball
1-0: Foul Ball, location: 2F
1-1: Ground out 6-3 (Groundball, 6, EV 93.1 MPH)
Batting: RHB Alfredo Martínez 0-0: Ball
1-0: Foul Ball, location: 2F
1-1: Called Strike
1-2: Ground out 1-3 (Groundball, 34S, EV 90.6 MPH)
Batting: LHB Pedro Serano 0-0: Ball
1-0: Fly out, F9 (Flyball, 9LS, EV 86.9 MPH)
Top of the 1st over - 0 runs, 0 hits, 0 errors, 0 left on base; Toledo 0 - Kingston Township 0
BOTTOM OF THE 1ST
Kingston Township Knights batting - Pitching for Toledo Stingers : RHP Marvin Martin
Pitching: RHP Marvin Martin
Batting: LHB Tony Goodwin 0-0: Ball
1-0: Ball
2-0: Called Strike
2-1: Ball
3-1: Swinging Strike
3-2: Foul Ball, location: 2F
3-2: Foul Ball, location: 2F
3-2: Foul Ball, location: 2F
3-2: Base on Balls
Batting: RHB Glenn Curtis 0-0: Ball
Wild Pitch!
Tony Goodwin to second
1-0: Called Strike
1-1: Ball
2-1: Ground out 6-3 (Groundball, 6, EV 106.2 MPH)
Batting: RHB Daniel McCoy 0-0: Ball
1-0: 2-RUN HOME RUN (Flyball, 7D, EV 100.6 MPH), Distance : 402 ft
Batting: LHB Ed Mellor 0-0: SOLO HOME RUN (Flyball, 9D, EV 96.2 MPH), Distance : 404 ft
Batting: RHB Holden Ford 0-0: Ball
1-0: Foul Ball, location: 2F
1-1: Fly out, F9 (Flyball, 9LS, EV 87.5 MPH)
Batting: RHB Jorge Ozezera 0-0: Called Strike
0-1: Swinging Strike
0-2: Ground out 6-3 (Groundball, 56, EV 88.1 MPH)
Bottom of the 1st over - 3 runs, 2 hits, 0 errors, 0 left on base; Toledo 0 - Kingston Township 3
TOP OF THE 2ND
Toledo Stingers batting - Pitching for Kingston Township Knights : RHP Currito Fonseca
Batting: SHB Ricky Sellers 0-0: Fly out, F5 (Popup, 25F, EV 90.6 MPH)
Batting: LHB Dan Hines 0-0: Ball
1-0: Called Strike
1-1: Called Strike
1-2: Foul Ball, location: 2F
1-2: Strikes out looking
Batting: RHB Sze Qi 0-0: Called Strike
0-1: Swinging Strike
0-2: Hit by Pitch
Batting: LHB Snow Wang 0-0: Ball
Sze Qi steals 2nd base
1-0: Called Strike
1-1: Ball
2-1: Ball
3-1: Fly out, F9 (Flyball, 89S, EV 91.9 MPH)
Top of the 2nd over - 0 runs, 0 hits, 0 errors, 1 left on base; Toledo 0 - Kingston Township 3
BOTTOM OF THE 2ND
Kingston Township Knights batting - Pitching for Toledo Stingers : RHP Marvin Martin
Batting: RHB Scott Robertson 0-0: Ball
1-0: Foul Ball, location: 2F
1-1: Ball
2-1: Ground out 6-3 (Groundball, 6S, EV 67.5 MPH)
Batting: RHB Daniel Maldonado 0-0: Called Strike
0-1: Foul Ball, location: 2F
0-2: Ball
1-2: Ground out 5-3 (Groundball, 5D, EV 95.6 MPH)
Batting: RHB Khal Drogo 0-0: Called Strike
0-1: Foul Ball, location: 2F
0-2: Ball
1-2: Foul Ball, location: 2F
1-2: Strikes out looking
Bottom of the 2nd over - 0 runs, 0 hits, 0 errors, 0 left on base; Toledo 0 - Kingston Township 3
TOP OF THE 3RD
Toledo Stingers batting - Pitching for Kingston Township Knights : RHP Currito Fonseca
Batting: RHB Jorge Alvarado 0-0: Ball
1-0: Called Strike
1-1: Swinging Strike
1-2: Strikes out swinging
Batting: RHB Álex Maroto 0-0: Ball
1-0: Ball
2-0: Ball
3-0: Base on Balls
Batting: RHB Jesús Morán 0-0: Called Strike
0-1: Ball
1-1: Called Strike
1-2: Foul Ball, location: 2F
1-2: Strikes out swinging
Batting: RHB Alfredo Martínez 0-0: Called Strike
0-1: Called Strike
0-2: Ball
1-2: Ball
Álex Maroto steals 2nd base
2-2: Ball
3-2: Fly out, F9 (Flyball, 9LSF, EV 90.0 MPH)
Top of the 3rd over - 0 runs, 0 hits, 0 errors, 1 left on base; Toledo 0 - Kingston Township 3
BOTTOM OF THE 3RD
Kingston Township Knights batting - Pitching for Toledo Stingers : RHP Marvin Martin
Batting: LHB Tony Goodwin 0-0: Swinging Strike
0-1: Ball
1-1: Fly out, F7 (Line Drive, 7D, EV 91.2 MPH)
Batting: RHB Glenn Curtis 0-0: Foul Ball, location: 2F
0-1: Foul Ball, location: 2F
0-2: Strikes out swinging
Batting: RHB Daniel McCoy 0-0: Ball
1-0: Ball
2-0: Swinging Strike
2-1: Foul Ball, location: 2F
2-2: Ground out 5-3 (Groundball, 5S, EV 83.1 MPH)
Bottom of the 3rd over - 0 runs, 0 hits, 0 errors, 0 left on base; Toledo 0 - Kingston Township 3
TOP OF THE 4TH
Toledo Stingers batting - Pitching for Kingston Township Knights : RHP Currito Fonseca
Batting: LHB Pedro Serano 0-0: Called Strike
0-1: Ball
1-1: Swinging Strike
1-2: Ball
2-2: DOUBLE (Line Drive, 9LM, EV 107.5 MPH)
Batting: SHB Ricky Sellers 0-0: Called Strike
0-1: Called Strike
0-2: Ball
1-2: Strikes out looking
Batting: LHB Dan Hines 0-0: Ball
1-0: Foul Ball, location: 2F
1-1: Ball
2-1: SINGLE (Flyball, 89S, EV 96.2 MPH)
Pedro Serano to third
Runner from 3rd tries for Home, SAFE, throw by RF to home
Batting: RHB Sze Qi 0-0: Ball
1-0: Called Strike
1-1: SINGLE (Groundball, 5D, EV 98.8 MPH)
Dan Hines to second
Batting: LHB Snow Wang 0-0: Ball
1-0: Ball
2-0: Fly out, F7 (Flyball, 7, EV 80.6 MPH)
Batting: RHB Jorge Alvarado 0-0: Called Strike
0-1: Foul Ball, location: 2F
0-2: Ball
1-2: Ball
2-2: Ball
3-2: Strikes out swinging
Top of the 4th over - 1 run, 3 hits, 0 errors, 2 left on base; Toledo 1 - Kingston Township 3
BOTTOM OF THE 4TH
Kingston Township Knights batting - Pitching for Toledo Stingers : RHP Marvin Martin
Batting: LHB Ed Mellor 0-0: Foul Ball, location: 2F
0-1: Ball
1-1: Ball
2-1: DOUBLE (Flyball, 8RXD, EV 98.8 MPH)
Batting: RHB Holden Ford 0-0: Ball
1-0: Ground out 5-3 (Groundball, 56S, EV 81.9 MPH)
Batting: RHB Jorge Ozezera 0-0: Called Strike
0-1: Foul Ball, location: 2F
0-2: Ground out 4-3 (Groundball, 4M, EV 83.8 MPH)
Ed Mellor to third
Batting: RHB Scott Robertson 0-0: Ball
1-0: Ball
2-0: Swinging Strike
2-1: Swinging Strike
2-2: Ball
3-2: Fly out, F9 (Flyball, 9S, EV 80.6 MPH)
Bottom of the 4th over - 0 runs, 1 hit, 0 errors, 1 left on base; Toledo 1 - Kingston Township 3
TOP OF THE 5TH
Toledo Stingers batting - Pitching for Kingston Township Knights : RHP Currito Fonseca
Batting: RHB Álex Maroto 0-0: Ball
1-0: Ground out 5-3 (Groundball, 56S, EV 70.6 MPH)
Batting: RHB Jesús Morán 0-0: Foul Ball, location: 2F
0-1: Foul Ball, location: 2F
0-2: Hit by Pitch
Batting: RHB Alfredo Martínez 0-0: Swinging Strike
0-1: Fly out, F7 (Flyball, 7, EV 85.6 MPH)
Batting: LHB Pedro Serano 0-0: Foul Ball, location: 2F
0-1: Foul Ball, location: 2F
0-2: Strikes out swinging
Top of the 5th over - 0 runs, 0 hits, 0 errors, 1 left on base; Toledo 1 - Kingston Township 3
BOTTOM OF THE 5TH
Kingston Township Knights batting - Pitching for Toledo Stingers : RHP Marvin Martin
Batting: RHB Daniel Maldonado 0-0: Ground out 3-1 (Groundball, 34, EV 99.4 MPH)
Batting: RHB Khal Drogo 0-0: Ball
1-0: Ball
2-0: Swinging Strike
2-1: Swinging Strike
2-2: Foul Ball, location: 2F
2-2: Ground out U3 (Groundball, 34, EV 81.9 MPH)
Batting: LHB Tony Goodwin 0-0: Ground out 6-3 (Groundball, 6M, EV 90.6 MPH)
Bottom of the 5th over - 0 runs, 0 hits, 0 errors, 0 left on base; Toledo 1 - Kingston Township 3
TOP OF THE 6TH
Toledo Stingers batting - Pitching for Kingston Township Knights : RHP Currito Fonseca
Batting: SHB Ricky Sellers 0-0: Ground out 4-3 (Groundball, 4, EV 105.6 MPH)
Batting: LHB Dan Hines 0-0: Ball
1-0: Called Strike
1-1: Fly out, F7 (Flyball, 78S, EV 86.2 MPH)
Batting: RHB Sze Qi 0-0: Ball
1-0: Called Strike
1-1: Ball
2-1: Swinging Strike
2-2: Fly out, F9 (Flyball, 89XD, EV 79.4 MPH)
Top of the 6th over - 0 runs, 0 hits, 0 errors, 0 left on base; Toledo 1 - Kingston Township 3
BOTTOM OF THE 6TH
Kingston Township Knights batting - Pitching for Toledo Stingers : RHP Marvin Martin
Batting: RHB Glenn Curtis 0-0: Ground out 6-3 (Groundball, 56, EV 101.2 MPH)
Batting: RHB Daniel McCoy 0-0: SOLO HOME RUN (Line Drive, 7LD, EV 105.0 MPH), Distance : 368 ft
Batting: LHB Ed Mellor 0-0: Ball
1-0: Fly out, F8 (Flyball, 89S, EV 93.8 MPH)
Batting: RHB Holden Ford 0-0: Ball
1-0: Foul Ball, location: 2F
1-1: Fly out, F9 (Flyball, 9, EV 90.0 MPH)
Bottom of the 6th over - 1 run, 1 hit, 0 errors, 0 left on base; Toledo 1 - Kingston Township 4
TOP OF THE 7TH
Toledo Stingers batting - Pitching for Kingston Township Knights : RHP Currito Fonseca
Batting: LHB Snow Wang 0-0: Fly out, F6 (Popup, 6, EV 75.0 MPH)
Batting: RHB Jorge Alvarado 0-0: Ball
1-0: Ground out 1-3 (Groundball, 34S, EV 70.6 MPH)
Batting: RHB Álex Maroto 0-0: Ball
1-0: Foul Ball, location: 2F
1-1: Fly out, F9 (Line Drive, 9D, EV 90.0 MPH)
Top of the 7th over - 0 runs, 0 hits, 0 errors, 0 left on base; Toledo 1 - Kingston Township 4
BOTTOM OF THE 7TH
Kingston Township Knights batting - Pitching for Toledo Stingers : RHP Marvin Martin
Batting: RHB Jorge Ozezera 0-0: Ball
1-0: SINGLE (Line Drive, 89S, EV 96.2 MPH)
Pitching: RHP Ron Manning
Batting: RHB Scott Robertson 0-0: Ball
1-0: Called Strike
1-1: Foul Ball, location: 2F
1-2: Ball
2-2: Strikes out looking
Batting: RHB Daniel Maldonado 0-0: Ball
1-0: Ball
2-0: Swinging Strike
2-1: Ball
3-1: Base on Balls
Jorge Ozezera to second
Batting: RHB Khal Drogo 0-0: Called Strike
Jorge Ozezera steals 3rd base
Daniel Maldonado to second
0-1: Called Strike
0-2: Strikes out swinging
Batting: LHB Tony Goodwin 0-0: Called Strike
0-1: Foul Ball, location: 2F
0-2: Ball
1-2: Foul Ball, location: 2F
1-2: Ground out U3 (Groundball, 34, EV 101.9 MPH)
Bottom of the 7th over - 0 runs, 1 hit, 0 errors, 2 left on base; Toledo 1 - Kingston Township 4
TOP OF THE 8TH
Toledo Stingers batting - Pitching for Kingston Township Knights : RHP Currito Fonseca
Batting: RHB Jesús Morán 0-0: Ball
1-0: Called Strike
1-1: Swinging Strike
1-2: Strikes out swinging
Batting: RHB Alfredo Martínez 0-0: Ball
1-0: Called Strike
1-1: Foul Ball, location: 2F
1-2: Ball
2-2: Ball
3-2: Strikes out swinging
Batting: LHB Pedro Serano 0-0: Foul Ball, location: 2F
0-1: Ball
1-1: Ball
2-1: Swinging Strike
2-2: Ball
3-2: Foul Ball, location: 2F
3-2: Strikes out looking
Top of the 8th over - 0 runs, 0 hits, 0 errors, 0 left on base; Toledo 1 - Kingston Township 4
BOTTOM OF THE 8TH
Kingston Township Knights batting - Pitching for Toledo Stingers : RHP Ron Manning
Batting: RHB Glenn Curtis 0-0: Ball
1-0: Ball
2-0: Foul Ball, location: 2F
2-1: TRIPLE (Line Drive, 9LD, EV 104.4 MPH)
Batting: RHB Daniel McCoy 0-0: Ball
1-0: Fly out, F3 (Popup, 3SF, EV 71.2 MPH)
Batting: LHB Ed Mellor 0-0: Intentional Walk
Batting: RHB Holden Ford 0-0: Fly out, F9 (Flyball, 9S, EV 96.2 MPH)
Batting: RHB Jorge Ozezera 0-0: Called Strike
0-1: Swinging Strike
0-2: Foul Ball, location: 2F
0-2: Ball
1-2: Ball
2-2: Strikes out swinging
Bottom of the 8th over - 0 runs, 1 hit, 0 errors, 2 left on base; Toledo 1 - Kingston Township 4
TOP OF THE 9TH
Toledo Stingers batting - Pitching for Kingston Township Knights : RHP Currito Fonseca
Batting: SHB Ricky Sellers 0-0: Called Strike
0-1: Swinging Strike
0-2: Strikes out swinging
Batting: LHB Dan Hines 0-0: Called Strike
0-1: Ball
1-1: Foul Ball, location: 2F
1-2: Ground out 1-3 (Groundball, 13, EV 85.6 MPH)
Batting: RHB Sze Qi 0-0: Foul Ball, location: 2F
0-1: Swinging Strike
0-2: Strikes out looking
Top of the 9th over - 0 runs, 0 hits, 0 errors, 0 left on base; Toledo 1 - Kingston Township 4
Wednesday, July 8th, 2020 - OOTP Baseball 20.8 Build 74